 Dungeon Crawl Stone Soup version 0.26-a0-846-gcc8f1ee719 (webtiles) character file.

Game seed: 8016991660909440297

276 snetch the Magician (level 6, -4/44 HPs)
             Began as a Gnoll Hedge Wizard on Nov 19, 2020.
             Was an Initiate of Ashenzari.
             Splashed by an oklob plant's acid (5 damage)
             ... on level 3 of the Dungeon.
             The game lasted 00:19:20 (4766 turns).

snetch the Magician (Gnoll Hedge Wizard)            Turns: 4766, Time: 00:19:20

Health: -4/44      AC:  1    Str: 13    XL:     6   Next: 25%
Magic:  2/16       EV: 12    Int: 18    God:    Ashenzari [......]
Gold:   88         SH:  9    Dex: 14    Spells: 11/19 levels left

rFire    . . .     SeeInvis .   a - +0 war axe
rCold    . . .     Faith    .   o - +0 buckler
rNeg     . . .     Spirit   .   r - +0 ring mail
rPois    .         Reflect  +   c - +0 hat
rElec    .         Harm     .   (no cloak)
rCorr    +         Rampage  .   (no gloves)
MR       .....                  (no boots)
Stlth    ++........             A - amulet of reflection
HPRegen  0.14/turn              h - ring of resist corrosion
MPRegen  0.15/turn              (no ring)

@: corroded
A: distributed training, fangs 1, strong nose
a: Curse Item, Renounce Religion


You were on level 3 of the Dungeon.
You worshipped Ashenzari.
Ashenzari was noncommittal.
You visited 1 branch of the dungeon, and saw 4 of its levels.

You collected 88 gold pieces.

Inventory:

Hand Weapons
 a - a +0 war axe (weapon)
 b - a +0 spear
 i - a +0 dagger
Missiles
 d - 14 poisoned darts (quivered)
 g - 84 stones
 n - 108 arrows
 p - 5 silver boomerangs
 q - 11 sling bullets
 B - 26 bolts
 C - a throwing net
Armour
 c - a +0 hat (worn)
 e - a +0 scale mail
 o - a +0 buckler (worn)
 r - a +0 ring mail (worn)
 v - a +0 chain mail
 w - a +0 leather armour
 z - a +0 robe
Jewellery
 h - a ring of resist corrosion (left hand)
 j - an uncursed amulet of faith
 A - an amulet of reflection (around neck)
Scrolls
 f - 2 scrolls of noise
 k - 2 scrolls of teleportation
 l - 2 scrolls of remove curse
 m - a scroll of amnesia
 x - 2 scrolls of magic mapping
 y - 3 scrolls of enchant armour
 D - 2 scrolls of fear {unknown}
Potions
 s - a potion of magic
 t - 4 potions of curing
 u - 2 potions of heal wounds


   Skills:
 + Level 1.9 Fighting
 + Level 1.9 Short Blades
 + Level 1.9 Long Blades
 + Level 1.9 Axes
 + Level 1.9 Maces & Flails
 + Level 1.9 Polearms
 + Level 1.9 Staves
 + Level 1.9 Slings
 + Level 1.9 Bows
 + Level 1.9 Crossbows
 + Level 1.9 Throwing
 + Level 1.9 Armour
 + Level 4.9 Dodging
 + Level 4.5 Stealth
 + Level 1.9 Shields
 + Level 1.9 Unarmed Combat
 + Level 7.4 Spellcasting
 + Level 2.6 Conjurations
 + Level 1.5 Hexes
 + Level 2.6 Summonings
 + Level 1.5 Necromancy
 + Level 2.6 Translocations
 + Level 1.5 Transmutations
 + Level 1.5 Fire Magic
 + Level 1.5 Ice Magic
 + Level 1.5 Air Magic
 + Level 1.5 Earth Magic
 + Level 1.5 Poison Magic
 + Level 2.1 Invocations
 + Level 1.9 Evocations


You had 11 spell levels left.
You knew the following spells:

 Your Spells              Type           Power        Failure   Level
a - Magic Dart            Conj           ###.         10%         1
b - Blink                 Tloc           N/A          16%         2
c - Call Imp              Summ           ###.....     16%         2
d - Mephitic Cloud        Conj/Pois/Air  ##......     38%         3

Your spell library contained the following spells:

 Spells                   Type           Power        Failure   Level
 Slow                     Hex            ##......     24%         2
 Conjure Flame            Conj/Fire      ##......     36%         3


Dungeon Overview and Level Annotations

Branches:
Dungeon (4/15)
 Temple: D:4-7

Altars:
Ashenzari
Fedhas

Annotations:
D:1 gold behind glass
D:3 exclusion: oklob plant


Innate Abilities, Weirdness & Mutations

Your experience applies equally to all skills.
You have very sharp teeth.
Your uncanny sense of smell can sniff out nearby items.


Message History

The splash of acid hits you. You resist.
You are splashed with acid.
You resist. The oklob plant spits acid at you. The splash of acid hits you!
You resist.
* * * LOW HITPOINT WARNING * * *
You are splashed with acid.
You resist.
* * * LOW HITPOINT WARNING * * *
You hit the oklob plant but do no damage.
The oklob plant is moderately damaged.
Your crimson imp hits the oklob plant but does no damage. x3
Unknown command.
Casting: Call Imp (safe; 16% risk of failure)
Confirm with . or Enter, or press ? or * to list all spells.
You blink.
Your crimson imp blinks!
The oklob plant spits acid at you. The splash of acid hits you. You resist.
* * * LOW HITPOINT WARNING * * *
You are splashed with acid.
You resist.
You die...

#PP..≈≈≈≈≈≈≈≈≈..PPP##.#.### #.###
#PP.≈≈≈≈≈≈≈≈≈≈≈..P###.#...###....
###.≈≈≈≈...≈≈≈≈.PPPP#.#.#.#.#.#.#
....≈≈≈≈._......PPPP#...........÷
###.≈≈≈≈...≈≈≈≈.PP###.#.#.#.#.#<#
#PP.≈≈≈≈≈≈≈≈≈≈≈[PPPP#..........).
#PP..≈≈≈≈≈≈≈≈≈....PP#.#.#.#.#.#.#
#.PP..≈≈≈≈≈≈≈..#..PP#........[...
#P.PP..≈≈≈≈≈..#.@.#P#.#.#.#.#.#.#
#PPPP#..........P.PP#............
#PP#P...#...#.....§P#.#.#.#.#.#.#
#PPPP##........#.§PP#............
#.PP###.......5..5#P#.#.#.#.#.#.#
#P#P.P.#.#..PP##P#PP#.###########
#####################.# #.#
######.#


You could see an oklob plant and 2 friendly crimson imps.

Vanquished Creatures
  An ogre (D:4)
  A howler monkey (D:4)
  6 adders
  A worm (D:3)
  4 dart slugs
  4 leopard geckos
  2 orcs
  3 ball pythons
  8 bats
  3 giant cockroaches
  5 goblins
  5 hobgoblins
  4 jackals
  8 kobolds
  A quokka (D:2)
  5 frilled lizards
  5 rats
66 creatures vanquished.

Vanquished Creatures (collateral kills)
  Ijyb (D:3)
  3 adders
  A dart slug (D:3)
  A leopard gecko (D:3)
  2 jackals
  A ball python (D:4)
9 creatures vanquished.

Vanquished Creatures (others)
  15 fungi (D:3)
  31 plants (D:3)
46 creatures vanquished.

Grand Total: 121 creatures vanquished

Notes
Turn   | Place    | Note
-------+----------+-------------------------------------------
     0 | D:1      | snetch the Gnoll Hedge Wizard began the quest for the Orb.
     0 | D:1      | Reached XP level 1. HP: 13/13 MP: 8/8
    82 | D:1      | Reached XP level 2. HP: 19/19 MP: 6/10
   270 | D:2      | Reached XP level 3. HP: 5/25 MP: 4/11
   614 | D:2      | Reached skill level 1 in Invocations
   951 | D:2      | Reached skill level 1 in Fighting
   951 | D:2      | Reached skill level 1 in Short Blades
   951 | D:2      | Reached skill level 1 in Long Blades
   951 | D:2      | Reached skill level 1 in Axes
   951 | D:2      | Reached skill level 1 in Maces & Flails
   951 | D:2      | Reached skill level 1 in Polearms
   951 | D:2      | Reached skill level 1 in Staves
   951 | D:2      | Reached skill level 1 in Slings
   951 | D:2      | Reached skill level 1 in Bows
   951 | D:2      | Reached skill level 1 in Crossbows
   951 | D:2      | Reached skill level 1 in Throwing
   951 | D:2      | Reached skill level 1 in Armour
   951 | D:2      | Reached skill level 1 in Shields
   951 | D:2      | Reached skill level 1 in Unarmed Combat
   951 | D:2      | Reached skill level 1 in Evocations
  1366 | D:1      | Reached XP level 4. HP: 32/32 MP: 9/13
  1731 | D:2      | HP: 1/32 [jackal (1)]
  2054 | D:2      | Learned a level 2 spell: Blink
  2057 | D:2      | Learned a level 2 spell: Call Imp
  2141 | D:2      | Reached skill level 1 in Hexes
  2141 | D:2      | Reached skill level 1 in Necromancy
  2141 | D:2      | Reached skill level 1 in Transmutations
  2141 | D:2      | Reached skill level 1 in Fire Magic
  2141 | D:2      | Reached skill level 1 in Ice Magic
  2141 | D:2      | Reached skill level 1 in Air Magic
  2141 | D:2      | Reached skill level 1 in Earth Magic
  2141 | D:2      | Reached skill level 1 in Poison Magic
  2229 | D:2      | Learned a level 3 spell: Mephitic Cloud
  2676 | D:4      | Noticed an ogre
  2689 | D:4      | Killed an ogre
  2690 | D:4      | Reached XP level 5. HP: 4/37 MP: 5/14
  3435 | D:3      | Reached XP level 6. HP: 42/44 MP: 13/16
  3745 | D:3      | Found a broken altar of Ashenzari.
  3750 | D:3      | Became a worshipper of Ashenzari the Shackled
  3997 | D:3      | Found a blossoming altar of Fedhas.
  4050 | D:3      | Noticed Ijyb
  4054 | D:3      | Noticed an oklob plant
  4061 | D:3      | Killed Ijyb
  4766 | D:3      | HP: 1/44 [oklob plant/splash of acid (4)]
  4766 | D:3      | Splashed by an oklob plant's acid

Illustrated notes

Levels and vault maps discovered:
D:1:      doesnt_arrival_eight_statues, layout_basic, minmay_surrounded
D:2:      layout_rooms, grunt_decor_mini_mirrors
D:3:      layout_loops_ring, ashenzari_altar_1, st_stairs_10, tgw_fedhas,
          uniq_ijyb
D:4:      layout_cave_pods, serial_shops, shop, minmay_close_crescents,
          uniq_sigmund, uniq_natasha, uniq_blork_the_orc, uniq_robin

Skill      XL: |  1  2  3  4  5 |
---------------+----------------+-----
Conjurations   | 2 |  2.6
Summonings     | 2 |  2.6
Translocations | 2 |  2.6
Invocations    | 1 2 |  2.1
Fighting       | 1 |  1.9
Short Blades   | 1 |  1.9
Long Blades    | 1 |  1.9
Axes           | 1 |  1.9
Maces & Flails | 1 |  1.9
Polearms       | 1 |  1.9
Staves         | 1 |  1.9
Slings         | 1 |  1.9
Bows           | 1 |  1.9
Crossbows      | 1 |  1.9
Throwing       | 1 |  1.9
Armour         | 1 |  1.9
Shields        | 1 |  1.9
Unarmed Combat | 1 |  1.9
Evocations     | 1 |  1.9
Hexes          | 1 |  1.5
Necromancy     | 1 |  1.5
Transmutations | 1 |  1.5
Fire Magic     | 1 |  1.5
Ice Magic      | 1 |  1.5
Air Magic      | 1 |  1.5
Earth Magic    | 1 |  1.5
Poison Magic   | 1 |  1.5
Dodging        | |  4.9
Stealth        | |  4.5
Spellcasting   | |  7.4

Action                   |  1- 3 |  4- 6 || total
-------------------------+-------+-------++-------
Melee: Dagger            |    24 |       ||    24
       Bite              |     2 |    13 ||    15
       Hand axe          |    14 |    40 ||    54
       War axe           |       |    37 ||    37
Throw: Dart              |    11 |       ||    11
 Cast: Magic Dart        |    42 |    95 ||   137
       Call Imp          |       |    25 ||    25
       Blink             |       |     1 ||     1
  Use: Potion            |     1 |       ||     1
       Scroll            |       |     9 ||     9
 Stab: Sleeping          |     1 |       ||     1
       Distracted        |       |     1 ||     1
Armor: Skin              |     5 |       ||     5
       Robe              |    11 |     2 ||    13
       Ring mail         |       |    16 ||    16
Dodge: Dodged            |    35 |    58 ||    93
Block: Buckler           |       |    40 ||    40
       Reflection        |       |     4 ||     4

Table legend: (Time is in decaauts)
 A = Elapsed time spent in this place.
 B = Non-inter-level travel time spent in this place.
 C = Inter-level travel time spent in this place.
 D = Time resting spent in this place.
 E = Time spent auto-exploring this place.
 F = Levels seen in this place.
 G = Mean time per level.
                   A        B        C        D        E       F      G
               +--------+--------+--------+--------+--------+-----+--------+
         Total |   4805 |   4750 |     55 |   1339 |   1913 |   4 | 1201.2 |
       Dungeon |   4805 |   4750 |     55 |   1339 |   1913 |   4 | 1201.2 |
               +--------+--------+--------+--------+--------+-----+--------+

Top non-repeatable levels by time:
     D:3: 1945 daAuts
     D:2: 1635 daAuts
     D:1: 874 daAuts
     D:4: 350 daAuts
